 Dungeon Crawl Stone Soup version 0.29-a0-994-gc5c9f59d18 (webtiles) character file.

Game seed: 6225783439476295640

3090 Kinoniko the Skirmisher (level 9, -11/62 HPs)
             Began as a Demonspawn Hunter on Aug 3, 2022.
             Was an Elder of Okawaru.
             Mangled by a two-headed ogre
             ... wielding a +0 giant club
              (21 damage)
             ... on level 8 of the Dungeon.
             The game lasted 00:08:15 (6040 turns).

Kinoniko the Skirmisher (Demonspawn Hunter)         Turns: 6040, Time: 00:08:16

Health: -11/62     AC: 10    Str: 12    XL:     9   Next: 59%
Magic:  12/12      EV: 11    Int: 10    God:    Okawaru [****..]
Gold:   182        SH:  0    Dex: 21    Spells: 8/8 levels left

rFire   . . .      SeeInvis .   a - +0 shortbow
rCold   . . .      Faith    .   (shield currently unavailable)
rNeg    . . .      Spirit   .   o - +0 ring mail
rPois   .          Reflect  .   (helmet restricted)
rElec   .          Harm     .   u - +0 cloak
rCorr   .          Rampage  .   (no gloves)
Will    .....                   (no boots)
Stlth   ++........              v - amulet of regeneration
HPRegen 1.00/turn               l - +4 ring of protection
MPRegen 0.13/turn               (no ring)

@: no status effects
A: antennae 1, powered by pain 2, spiny 2
a: Renounce Religion, Heroism, Finesse


You were on level 8 of the Dungeon.
You worshipped Okawaru.
Okawaru was greatly pleased with you.
You visited 2 branches of the dungeon, and saw 9 of its levels.
You also visited: Ossuary.

You collected 420 gold pieces.
You spent 238 gold pieces at shops.

Inventory:

Hand Weapons
 a - a +0 shortbow (weapon)
Armour
 c - a +0 leather armour
 o - a +0 ring mail (worn)
 u - a +0 cloak (worn)
 N - the +0 leather armour "Jiet" {Dex+4}
   (You bought it in a shop on level 7 of the Dungeon)

   Dex:       It affects your dexterity (+4).
Jewellery
 d - a ring of ice
 i - an amulet of magic regeneration
 l - a +4 ring of protection (left hand)
 v - an amulet of regeneration (around neck)
 y - an amulet of reflection
 C - a ring of fire
Wands
 g - a wand of flame (21)
 x - a wand of acid (13)
 B - a wand of roots (3)
 K - a wand of paralysis (5)
Scrolls
 b - 3 scrolls of immolation
 f - 2 scrolls of brand weapon
 h - 4 scrolls of teleportation
 j - 3 scrolls of vulnerability
 k - 2 scrolls of amnesia
 m - 4 scrolls of enchant weapon
 n - 3 scrolls of fear
 q - a scroll of enchant armour
 I - a scroll of blinking
 J - a scroll of magic mapping
 L - a scroll of summoning
 O - a scroll of poison
Potions
 e - 4 potions of curing {unknown}
 p - a potion of cancellation {unknown}
 r - 3 potions of degeneration {unknown}
 s - 5 potions of heal wounds
 t - 2 potions of berserk rage {unknown}
 w - 2 potions of lignification {unknown}
 z - a potion of attraction {unknown}
 A - a potion of might {unknown}
 D - 3 potions of haste {unknown}
 E - a potion of magic {unknown}
 F - 2 potions of resistance {unknown}
 G - 2 potions of mutation {unknown}
 H - a potion of invisibility {unknown}
 M - 2 potions of ambrosia {unknown}


   Skills:
 - Level 2.3 Fighting
 * Level 12.2 Ranged Weapons
 - Level 2.2 Dodging
 - Level 1.5 Stealth
 + Level 4.4 Invocations


You had 8 spell levels left.
You didn't know any spells.
Your spell library contained the following spells:

 Spells                   Type           Power      Damage    Failure   Level
 Apportation              Tloc           0%         N/A       65%         1
 Gell's Gravitas          Tloc           0%         N/A       95%         3
 Inner Flame              Hex/Fire       0%         N/A       95%         3
 Lesser Beckoning         Tloc           0%         N/A       95%         3
 Teleport Other           Tloc           0%         N/A       95%         3
 Cause Fear               Hex            0%         N/A       100%        4
 Alistair's Intoxication  Tmut/Pois      0%         N/A       100%        5
 Discord                  Hex            0%         N/A       100%        8


Dungeon Overview and Level Annotations

Branches:
Dungeon (8/15)             Temple (1/1) D:4         Ossuary (visited)
   Lair: D:8-11

Altars:
Ashenzari
Dithmenos
Fedhas
Gozag
Kikubaaqudgha
Makhleb
Nemelex Xobeh
Okawaru
Qazlal
Sif Muna
Trog
Uskayaw
Vehumet
Wu Jian
Xom
Yredelemnul

Shops:
D:7 [[!=[

Annotations:
D:6 3 runed translucent doors, Mandevil's ghost, novice DgFE
D:7 2 transporters


Innate Abilities, Weirdness & Mutations

You have a pair of small antennae on your head.
You sometimes gain power by taking damage.
You are mostly covered in sharp spines.


Message History

The two-headed ogre is heavily wounded.
The two-headed ogre hits you with a +0 giant club!
The two-headed ogre hits you with a +0 giant club!!
You are too injured to fight recklessly!
You are too injured to fight recklessly!
You are too injured to fight recklessly!
You are too injured to fight recklessly!
You are too injured to fight recklessly!
You are too injured to fight recklessly!
You are too injured to fight recklessly!
You are too injured to fight recklessly!
You are too injured to fight recklessly!
You are too injured to fight recklessly!
You are too injured to fight recklessly!
You are too injured to fight recklessly!
You are too injured to fight recklessly!
You are too injured to fight recklessly!
Unknown command.
You are too injured to fight recklessly!
Fire: a) +0 shortbow
Press: ? - help, Q - select action, (/) - cycle Shift-Dir - straight line, f/p - two-headed ogre
Aim: a two-headed ogre, wielding two +0 giant clubs (heavily wounded, 80% to hit)
You shoot an arrow. The arrow hits the two-headed ogre.
The two-headed ogre is severely wounded.
Fire: a) +0 shortbow
Press: ? - help, Q - select action, (/) - cycle Shift-Dir - straight line, f/p - two-headed ogre
Aim: a two-headed ogre, wielding two +0 giant clubs (severely wounded, 80% to hit)
You shoot an arrow. The arrow hits the two-headed ogre.
The two-headed ogre is severely wounded.
The two-headed ogre barely misses you.
The two-headed ogre hits you with a +0 giant club!
* * * LOW HITPOINT WARNING * * *
Unknown command.
Fire: a) +0 shortbow
Press: ? - help, Q - select action, (/) - cycle Shift-Dir - straight line, f/p - two-headed ogre
Aim: a two-headed ogre, wielding two +0 giant clubs (severely wounded, 80% to hit)
You shoot an arrow.
The arrow barely misses the two-headed ogre.
The two-headed ogre hits you with a +0 giant club!!
You die...

.# # .......
#.##.#..........
#...#.#.........
#..............
#####....#.......
#..## ..#......#
##..####...#..#
###@##.......#####.
####O..#...........
#...######.........
#...# ##...#####
##.## ##....##
###.# #......###
##..## #........#
#....## ##.........
#####.#
##..........


You could see a two-headed ogre.

Vanquished Creatures
  A hornet (D:7)
  A shadow (D:6)
  A wraith (Ossuary)
  A water moccasin (D:6)
  An orc warrior (D:7)
  3 ice beasts
  A black bear (D:7)
  An ogre (D:6)
  A centaur (D:5)
  An elf zombie (Ossuary)
  6 bullfrogs
  3 scorpions (D:5)
  2 necrophages (D:5)
  8 wights
  6 hounds
  Crazy Yiuf (D:3)
  2 gnoll boudas
  4 iguanas
  An orc wizard (D:7)
  3 mummies (Ossuary)
  12 gnolls
  4 adders
  2 shadow imps
  A white imp (D:5)
  A dart slug (D:2)
  8 orcs
  7 ball pythons
  10 endoplasms
  2 giant cockroaches
  2 gnoll zombies (Ossuary)
  7 goblins
  9 hobgoblins
  2 quokkas
  4 bats
  2 frilled lizards
  2 hobgoblin zombies (Ossuary)
  4 kobolds
  5 kobold zombies (Ossuary)
  8 rats
140 creatures vanquished.

Notes
Turn   | Place    | Note
-------+----------+-------------------------------------------
     0 | D:1      | Kinoniko the Demonspawn Hunter began the quest for the Orb.
     0 | D:1      | Reached XP level 1. HP: 16/16 MP: 1/1
    60 | D:1      | Reached skill level 1 in Stealth
   140 | D:1      | Gained mutation: You are partially covered in sharp spines.
                  | [demonic ancestry]
   140 | D:1      | Reached XP level 2. HP: 22/22 MP: 2/2
   904 | D:2      | Reached XP level 3. HP: 26/28 MP: 3/3
   907 | D:2      | Reached skill level 4 in Ranged Weapons
  1388 | D:3      | Gained mutation: You are mostly covered in sharp spines.
                  | [demonic ancestry]
  1388 | D:3      | Reached XP level 4. HP: 34/34 MP: 4/4
  1771 | D:3      | Found a sparkling altar of Nemelex Xobeh.
  1881 | D:3      | Reached skill level 5 in Ranged Weapons
  2036 | D:3      | Found a runed translucent door.
  2037 | D:3      | Noticed Crazy Yiuf
  2292 | D:3      | Killed Crazy Yiuf
  2293 | D:3      | Reached XP level 5. HP: 20/39 MP: 5/5
  2700 | D:4      | Found a blossoming altar of Fedhas.
  2750 | D:4      | Found a staircase to the Ecumenical Temple.
  2809 | Temple   | Entered the Ecumenical Temple
  2809 | Temple   | Found a transporter.
  2809 | Temple   | Found a transporter.
  2811 | Temple   | Found a transporter.
  2811 | Temple   | Found a transporter.
  2830 | Temple   | Became a worshipper of Warmaster Okawaru
  3148 | D:4      | Found a basalt altar of Yredelemnul.
  3201 | D:4      | Reached skill level 6 in Ranged Weapons
  3325 | D:5      | Entered Level 5 of the Dungeon
  3334 | D:5      | Gained mutation: You have a pair of small antennae on your
                  | head. [demonic ancestry]
  3334 | D:5      | Reached XP level 6. HP: 45/45 MP: 6/6
  3368 | D:5      | Reached skill level 7 in Ranged Weapons
  3382 | D:5      | Reached * piety under Okawaru
  3413 | D:5      | Found an ancient bone altar of Kikubaaqudgha.
  3464 | D:5      | Noticed an ice beast
  3478 | D:5      | Killed an ice beast
  3479 | D:5      | Gained mutation: You sometimes gain a little power by
                  | taking damage. [demonic ancestry]
  3479 | D:5      | Reached XP level 7. HP: 51/51 MP: 7/7
  3587 | D:5      | Reached skill level 8 in Ranged Weapons
  3702 | D:5      | Found a shadowy altar of Dithmenos.
  3856 | D:6      | Reached ** piety under Okawaru
  3922 | D:6      | Found a sand-covered staircase.
  3928 | Ossuary  | Entered an ossuary
  3928 | Ossuary  | Noticed a wraith
  3928 | Ossuary  | Noticed a wraith
  3928 | Ossuary  | Noticed a wraith
  3966 | Ossuary  | Reached skill level 9 in Ranged Weapons
  3966 | Ossuary  | Reached XP level 8. HP: 57/57 MP: 8/8
  4413 | D:6      | Reached skill level 10 in Ranged Weapons
  4565 | D:6      | Found a runed translucent gate.
  4565 | D:6      | Found a runed translucent gate.
  4566 | D:6      | Found a runed translucent gate.
  4567 | D:6      | Noticed Mandevil's ghost (novice DgFE)
  4688 | D:5      | Reached *** piety under Okawaru
  4689 | D:5      | Reached skill level 11 in Ranged Weapons
  4739 | D:6      | Gained mutation: You sometimes gain power by taking damage.
                  | [demonic ancestry]
  4739 | D:6      | Reached XP level 9. HP: 62/62 MP: 9/9
  5136 | D:7      | Reached skill level 1 in Invocations
  5178 | D:7      | Found Qicupte's Jewellery Shoppe.
  5214 | D:7      | Found a transporter.
  5232 | D:7      | Found a transporter.
  5234 | D:7      | Noticed a four-headed hydra
  5243 | D:7      | Found Junnuv's Armour Shop.
  5278 | D:7      | Noticed a manticore
  5295 | D:7      | Found Laloi's Antique Armour Shop.
  5303 | D:7      | Bought a twisted leather armour for 238 gold pieces
  5303 | D:7      | Identified the +0 leather armour "Jiet" {Dex+4} (You bought
                  | it in a shop on level 7 of the Dungeon)
  5400 | D:7      | Reached **** piety under Okawaru
  5532 | D:7      | Found Unnam's Distillery.
  5545 | D:7      | Found a bloodstained altar of Trog.
  5595 | D:7      | Reached skill level 12 in Ranged Weapons
  5632 | D:7      | Found Uvyc's Armour Emporium.
  6028 | D:8      | Noticed a two-headed ogre
  6040 | D:8      | Mangled by a two-headed ogre

Illustrated notes

Levels and vault maps discovered:
D:1:      nicolae_arrival_memento_mori, layout_loops_ring, minmay_tall_x
D:2:      layout_basic, minmay_cut_off
D:3:      layout_loops_corners, nemelex_xobeh_ov_fountains_minmay,
          uniq_crazy_yiuf_cottage
D:4:      layout_loops_ring, fedhas_altar_2, mainiacjoe_overflow_24_doors,
          minmay_temple_entry_gardened_gates, serial_glass, glass_columns_c,
          glass_columns_a, glass_columns_b, due_unseen_surprise,
          minmay_strange_pillars, item_on_display_a
D:5:      layout_cave_pools, lemuel_round_altar, kiku_gazebo_garden_becter
D:6:      layout_loops_ring, gammafunk_ghost_necromancy, enter_ossuary_2
D:7:      gammafunk_the_bubble [the_bubble_gammafunk_grid], layout_loops_ring,
          trog_three_pillars_becter, serial_shops, nicolae_shop_hallway_stairs,
          nicolae_shop_stone, nicolae_stop_n_shop_2, shop, nicolae_diamond_shop
D:8:      layout_layer_cave, overflow_temple_1_default, dpeg_oklobed_lair
Temple:   hellmonk_temple_divided_pantheon

Skill      XL: |  1  2  3  4  5  6  7  8  9 |
---------------+----------------------------+-----
Stealth        | 1 |  1.5
Dodging        | 2 |  2.2
Ranged Weapons | 4 5 6 7 9 11 12 | 12.2
Invocations    | 4 |  4.4
Fighting       | |  2.3

Action                   |  1- 3 |  4- 6 |  7- 9 || total
-------------------------+-------+-------+-------++-------
Melee: Shortbow          |       |       |     1 ||     1
 Fire: Shortbow          |    91 |   107 |   281 ||   479
  Use: Scroll            |       |     9 |     6 ||    15
       Potion            |       |       |     2 ||     2
Armor: Leather armour    |     6 |       |       ||     6
       Ring mail         |    12 |    28 |    57 ||    97
Dodge: Dodged            |    22 |    25 |    92 ||   139

Table legend: (Time is in decaauts)
 A = Elapsed time spent in this place.
 B = Non-inter-level travel time spent in this place.
 C = Inter-level travel time spent in this place.
 D = Time resting spent in this place.
 E = Time spent auto-exploring this place.
 F = Levels seen in this place.
 G = Mean time per level.
                   A        B        C        D        E       F      G
               +--------+--------+--------+--------+--------+-----+--------+
         Total |   6159 |   5888 |    271 |     80 |   4793 |  10 |  615.9 |
       Dungeon |   5665 |   5401 |    264 |     80 |   4477 |   8 |  708.1 |
        Temple |     59 |     52 |      7 |      0 |      7 |   1 |   59.0 |
       Ossuary |    434 |    434 |      0 |      0 |    309 |   1 |  434.0 |
               +--------+--------+--------+--------+--------+-----+--------+

Top non-repeatable levels by time:
     D:3: 1193 daAuts
     D:7: 804 daAuts
     D:6: 803 daAuts
     D:1: 744 daAuts
     D:4: 738 daAuts
     D:2: 648 daAuts
     D:5: 564 daAuts
 Ossuary: 434 daAuts
     D:8: 169 daAuts
  Temple: 59 daAuts
